 Dungeon Crawl Stone Soup version 0.17-a0-2073-gde5cdba (webtiles) character file.

231 evilmojo the Covered (level 5, -1/47 HPs)
             Began as a Minotaur Fighter on Oct 15, 2015.
             Was an Initiate of Elyvilon.
             Slain by an iguana (10 damage)
             ... on level 5 of the Dungeon.
             The game lasted 00:09:59 (1999 turns).

evilmojo the Covered (Minotaur Fighter)             Turns: 1999, Time: 00:09:59

Health: -1/47      AC:  7    Str: 27    XL:     5   Next: 73%
Magic:  4/4        EV:  9    Int:  5    God:    Elyvilon [......]
Gold:   25         SH: 10    Dex:  9    Spells: 0 memorised, 4 levels left

rFire  . . .     SeeInvis .     l - +2 whip
rCold  . . .     Clarity  .     r - +0 scale mail
rNeg   . . .     SustAt   .     c - +0 shield
rPois  .         Gourm    .     (helmet restricted)
rElec  .         Spirit   .     (no cloak)
rCorr  .         Warding  .     (no gloves)
rMut   .         Stasis   .     (no boots)
MR     .....                    (no amulet)
Stlth  ..........               (no ring)
                                (no ring)

@: mighty, not resistant to hostile enchantments, extremely unstealthy
A: retaliatory headbutt, horns 2
a: Renounce Religion


You were on level 5 of the Dungeon.
You worshipped Elyvilon.
Elyvilon was noncommittal.
You were not hungry.

You visited 1 branch of the dungeon, and saw 5 of its levels.

You collected 25 gold pieces.

Inventory:

Hand Weapons
 a - a +0 war axe
 l - a +2 whip (weapon)
Missiles
 o - 4 large rocks
 p - 14 poisoned needles
 s - 4 needles of confusion
 u - 23 arrows
Armour
 b - a +0 scale mail
 c - a +0 shield (worn)
 r - a +0 scale mail (worn)
 t - a +0 buckler
 x - a cursed -2 ring mail
Magical Staves
 y - an uncursed staff of fire {unknown}
Scrolls
 i - a scroll of immolation
 j - 4 scrolls of remove curse
 k - 2 scrolls of identify
 q - 2 scrolls of enchant weapon
 w - 2 scrolls of teleportation {unknown}
Potions
 g - a potion of cancellation {unknown}
 h - a potion of invisibility {unknown}
 n - 2 potions of haste {unknown}
 v - 2 potions of heal wounds {unknown}
Comestibles
 e - 4 bread rations
 f - 2 fruits
 m - a beef jerky


   Skills:
 + Level 4.6 Fighting
 + Level 2.9(3.0) Axes
 + Level 0.8(2.0) Maces & Flails
 + Level 5.3 Armour
 + Level 2.5 Dodging
 + Level 0.3 Stealth
 + Level 4.6 Shields


You had 4 spell levels left.
You didn't know any spells.

Dungeon Overview and Level Annotations

Branches:
Dungeon (6/15)
 Temple: D:4-7

Altars:
Elyvilon


Innate Abilities, Weirdness & Mutations

You reflexively headbutt those who attack you in melee.
You have a pair of horns on your head.


Message History

You block the iguana's attack.
You see here an orc corpse.
The iguana bites you.
* * * LOW HITPOINT WARNING * * *
The gnoll shaman prays to its god.
The gnoll shaman is healed somewhat.
Things that are here:
a dagger; a robe You block the iguana's attack.
The gnoll hits you from afar with a halberd.
* * * LOW HITPOINT WARNING * * *
You see here an orc corpse.
The iguana barely misses you.
Things that are here:
a dagger; a robe Drink which item? (? for menu, Esc to quit)
You feel very mighty all of a sudden.
The iguana bites you but does no damage.
The gnoll barely misses you. The iguana bites you!
You die...

.#.#.#.#....#####. #
##... .....#...>.##.
##. ..#.#
###......#.... ...
#)#.# #......####. #
#.# #.#.#
#........... .....
#.#.# #.#.##.#####
#.#.##.#.#####.####.#
#...ggg#)...........#
#.gggl@############
######.# #..# ##.# .#
.# .# .# .#


You could see a gnoll shaman, an iguana and 5 gnolls.

Vanquished Creatures
  A crimson imp (D:6)
  A centaur zombie (D:6)
  3 worker ants
  2 orc wizards
  A hound skeleton (D:4)
  A shadow imp (D:6)
  6 orcs
  3 hobgoblins (D:1)
  3 kobolds
  A quokka (D:4)
  A bat (D:1)
  2 giant newts
  3 goblins (D:1)
  A quokka skeleton (D:6)
  4 rats
33 creatures vanquished.

Notes
Turn   | Place    | Note
--------------------------------------------------------------
     0 | D:1      | evilmojo the Minotaur Fighter began the quest for the Orb.
     0 | D:1      | Reached XP level 1. HP: 19/19 MP: 0/0
    63 | D:1      | HP: 1/20 [kobold (3)]
   507 | D:1      | Reached XP level 2. HP: 27/27 MP: 1/1
   508 | D:1      | Reached skill level 4 in Fighting
   904 | D:2      | You fall through a shaft for 2 floors!
  1006 | D:4      | Reached skill level 1 in Dodging
  1006 | D:4      | Reached XP level 3. HP: 33/33 MP: 2/2
  1176 | D:4      | You fall through a shaft for 2 floors!
  1197 | D:6      | Reached XP level 4. HP: 13/40 MP: 3/3
  1212 | D:6      | Reached XP level 5. HP: 12/47 MP: 4/4
  1214 | D:6      | Reached skill level 5 in Armour
  1692 | D:6      | Found a white marble altar of Elyvilon.
  1835 | D:6      | Became a worshipper of Elyvilon the Healer
  1869 | D:5      | Entered Level 5 of the Dungeon
  1999 | D:5      | Slain by an iguana

Vault maps used:
D:1:      dpeg_arrival_orchard
D:2:      nicolae_qazlal_style_of_elements, uniq_sigmund
D:4:      first_bread, minivault_14
D:5:      overflow_temple_1_default, okawaru_gym_becter,
          minmay_temple_entry_statues, serial_shops, kennysheep_mini_moat
D:6:      gammafunk_temple_overflow_wave, lemuel_altar_in_water2

Action                   |  1- 3 |  4- 6 || total
-------------------------+-------+-------++-------
Melee: War axe           |    36 |       ||    36
       Whip              |    29 |    35 ||    64
  Use: Scroll            |     8 |       ||     8
       Potion            |     2 |     1 ||     3
  Eat: Bread ration      |     1 |       ||     1
